 Dungeon Crawl Stone Soup version 0.27-a0-1105-g946c659c87 (webtiles) character file.

Game seed: 9699532908939745918

1948 siradein the Slicer (level 8, -3/52 HPs)
             Began as a Vampire Brigand on Apr 30, 2021.
             Was a Follower of Hepliaklqana.
             Slain by a wyvern (7 damage)
             ... on level 6 of the Dungeon.
             The game lasted 00:16:51 (6900 turns).

siradein the Slicer (Vampire Brigand)               Turns: 6900, Time: 00:16:51

Health: -3/52      AC:  9    Str: 10    XL:     8   Next: 98%
Magic:  10/10      EV: 13    Int: 13    God:    Hepliaklqana [*.....]
Gold:   353        SH:  5    Dex: 18    Spells: 7/7 levels left

rFire    . . .     SeeInvis +   a - +2 dagger
rCold    . . .     Faith    .   i - +0 buckler
rNeg     + . .     Spirit   .   t - +0 leather armour
rPois    .         Reflect  .   q - +0 helmet
rElec    .         Harm     .   c - +0 cloak
rCorr    .         Rampage  .   (no gloves)
Will     .....                  (no boots)
Stlth    ++++......             (no amulet)
HPRegen  0.37/turn              l - +4 ring of protection
MPRegen  0.12/turn              o - ring of positive energy

@: healing quickly
A: alive, reduced essence, fangs 3, see invisible, unbreathing 1, vampiric 2
a: Exsanguinate, Renounce Religion, Recall Ancestor, Ancestor Identity


You were on level 6 of the Dungeon.
You worshipped Hepliaklqana.
Hepliaklqana was aware of your devotion.
You visited 2 branches of the dungeon, and saw 8 of its levels.

You collected 353 gold pieces.

Inventory:

Hand Weapons
 a - a +2 dagger (weapon)
 u - a +0 hunting sling
Missiles
 d - 37 poisoned darts (quivered)
 e - 7 curare-tipped darts
 f - 192 stones
 m - a throwing net
 p - 4 boomerangs
 B - 24 sling bullets
Armour
 c - a +0 cloak (worn)
 i - a +0 buckler (worn)
 q - a +0 helmet (worn)
 t - a +0 leather armour (worn)
 v - the +5 chain mail of Tartarus {Will+}
   (You found it on level 4 of the Dungeon)

   It increases your willpower.
Jewellery
 l - a +4 ring of protection (left hand)
 o - a ring of positive energy (right hand)
 D - a +6 ring of intelligence
 L - a ring of ice
Wands
 C - a wand of paralysis (11)
Scrolls
 b - 3 scrolls of teleportation {unknown}
 h - 2 scrolls of magic mapping {unknown}
 j - 4 scrolls of enchant weapon {unknown}
 n - a scroll of enchant armour {unknown}
 s - 3 scrolls of amnesia {unknown}
 x - a scroll of summoning {unknown}
 y - a scroll of holy word {unknown}
 E - 2 scrolls of fear {unknown}
 F - a scroll of silence {unknown}
 G - 2 scrolls of blinking {unknown}
 H - 2 scrolls of noise {unknown}
 K - a scroll of identify {unknown}
Potions
 g - 2 potions of mutation {unknown}
 k - 3 potions of might {unknown}
 r - a potion of attraction {unknown}
 w - 2 potions of haste {unknown}
 z - a potion of curing {unknown}
 A - a potion of degeneration {unknown}
 I - a potion of berserk rage {unknown}
 J - a potion of ambrosia {unknown}


   Skills:
 + Level 3.5 Fighting
 - Level 10.0 Short Blades
 - Level 1.5 Throwing
 + Level 3.7 Dodging
 + Level 7.9 Stealth
 + Level 2.7 Shields
 + Level 2.7 Invocations


You had 7 spell levels left.
You didn't know any spells.
Your spell library contained the following spells:

 Spells                   Type           Power      Damage    Failure   Level
 Magic Dart               Conj           0%         1d3       45%         1
 Searing Ray              Conj           0%         3d3       58%         2
 Dazzling Flash           Conj/Hex       0%         N/A       83%         3
 Fulminant Prism          Conj/Hex       0%         3d6       99%         4
 Iskenderun's Mystic Bla  Conj/Tloc      0%         2d3       99%         4


Dungeon Overview and Level Annotations

Branches:
Dungeon (7/15)             Temple (1/1) D:4

Altars:
Ashenzari
Dithmenos
Elyvilon
Gozag
Hepliaklqana
Kikubaaqudgha
Makhleb
Okawaru
Qazlal
Sif Muna
Trog
Uskayaw
Wu Jian
Xom
Yredelemnul
Zin
The Shining One


Innate Abilities, Weirdness & Mutations

Your natural rate of healing is accelerated.
Your life essence is reduced to manifest your ancestor. (-10% HP)
You have razor-sharp teeth.
You have supernaturally acute eyesight. (SInv)
You can survive without breathing.
You are afflicted with vampirism and can become a bat while bloodless.


Message History

The wyvern bites you.
* * * LOW HITPOINT WARNING * * *
The wyvern misses you. The wyvern bites you.
* * * LOW HITPOINT WARNING * * *
The wyvern barely misses you. The wyvern closely misses you.
The wyvern hisses menacingly.
The wyvern closely misses you. You block the wyvern's attack.
The wyvern bites you.
* * * LOW HITPOINT WARNING * * *
You block the wyvern's attack. The wyvern closely misses you.
The wyvern bites you.
* * * LOW HITPOINT WARNING * * *
There is a stone staircase leading down here.
Dickeater emerges from the mists of memory!
The wyvern closely misses you.
You swap places.
The wyvern bites Dickeater!
Dickeater hits the wyvern but does no damage.
Something misses Dickeater.
Something bites Dickeater but does no damage.
Dickeater hits the wyvern.
The wyvern bites Dickeater! x2
Dickeater is destroyed!
The wyvern closely misses you. The wyvern barely misses you.
The wyvern misses you. The wyvern bites you.
* * * LOW HITPOINT WARNING * * *
There is a stone staircase leading up here.
The wyvern barely misses you. The wyvern barely misses you.
You block the wyvern's attack.
There is a stone staircase leading up here.
The wyvern bites you!
* * * LOW HITPOINT WARNING * * *
The wyvern bites you!
You die...

#.# #.# #.# #.#
#####.####### #.# #.#
#.....>.....########.#
#####.####
#.#######.#..........#
.........# #.#
#.#########..# ####..##.#
#.# #.# #######..# #.###.#
#.# #.# #...<..... #.#
#.###.#######.###.#####..#
#.#
#........@l.<............#
#.#
#####.#######.###.#####.##
#.# ##.# ###.# #.#####.#
#.# #..# #...# #.......#
#.# #.## #.### #..######
#># #.# #.# #..# #.# #.#
#.# #..# #.# #.# #.#
#..####### #.#### #.#
#.#####.........


You could see a wyvern.

Vanquished Creatures
  Sigmund (D:5)
  A water moccasin (D:2)
  A sky beast (D:6)
  A centaur (D:5)
  2 phantoms
  A gnoll sergeant (D:5)
  A scorpion (D:4)
  A howler monkey (D:4)
  3 hounds
  5 iguanas
  An orc wizard (D:4)
  12 gnolls
  8 adders
  A white imp (D:6)
  An ufetubus (D:5)
  A worm (D:2)
  8 orcs
  6 endoplasms
  A giant cockroach (D:1)
  4 goblins
  7 hobgoblins
  8 jackals
  4 quokkas
  10 ball pythons
  12 bats
  5 frilled lizards
  6 kobolds
  7 rats
119 creatures vanquished.

Vanquished Creatures (collateral kills)
  Pikel (D:6)
  A black bear (D:5)
  A bullfrog (D:4)
  A centaur skeleton (D:6)
  2 gnolls (D:5)
  An adder (D:4)
  An adder skeleton (D:5)
  3 orcs (D:4)
11 creatures vanquished.

Vanquished Creatures (others)
  10 ancestors
  16 plants (D:5)
26 creatures vanquished.

Grand Total: 156 creatures vanquished

Notes
Turn   | Place    | Note
-------+----------+-------------------------------------------
     0 | D:1      | siradein the Vampire Brigand began the quest for the Orb.
     0 | D:1      | Reached XP level 1. HP: 16/16 MP: 1/1
   411 | D:1      | Reached skill level 3 in Short Blades
   428 | D:1      | Reached XP level 2. HP: 17/22 MP: 2/2
   736 | D:1      | Found a faded altar of an unknown god.
   779 | D:1      | Gained mutation: You are afflicted with vampirism and can
                  | become a bat while bloodless. [Vampire growth]
   779 | D:1      | Reached XP level 3. HP: 27/27 MP: 3/3
   951 | D:2      | Reached skill level 4 in Short Blades
  1520 | D:2      | Reached XP level 4. HP: 33/33 MP: 4/4
  1708 | D:1      | Reached skill level 5 in Short Blades
  1957 | D:2      | Noticed a water moccasin
  1976 | D:2      | Killed a water moccasin
  1977 | D:2      | Reached skill level 6 in Short Blades
  1977 | D:2      | Reached XP level 5. HP: 30/30 MP: 5/5
  2619 | D:3      | Reached skill level 7 in Short Blades
  2661 | D:3      | Reached XP level 6. HP: 39/39 MP: 6/6
  2998 | D:4      | Found a staircase to the Ecumenical Temple.
  3005 | Temple   | Entered the Ecumenical Temple
  3205 | Temple   | Became a worshipper of Hepliaklqana the Forgotten
  3252 | D:4      | Found a basalt altar of Yredelemnul.
  3488 | D:4      | Identified the +5 chain mail of Tartarus {Will+}
  3606 | D:4      | Reached skill level 8 in Short Blades
  3826 | D:4      | Reached XP level 7. HP: 36/39 MP: 7/7
  4142 | D:5      | Entered Level 5 of the Dungeon
  4146 | D:5      | Found a shimmering altar of Xom.
  4223 | D:5      | Reached skill level 9 in Short Blades
  4352 | D:5      | Reached * piety under Hepliaklqana
  4368 | D:5      | Noticed Sigmund
  4373 | D:5      | Killed Sigmund
  4439 | D:5      | Reached skill level 10 in Short Blades
  4686 | D:5      | Found an opulent altar of Gozag.
  4686 | D:5      | Found a hide-covered altar of Uskayaw.
  4687 | D:5      | Found a shadowy altar of Dithmenos.
  4967 | D:4      | Reached XP level 8. HP: 20/50 MP: 8/8
  5089 | D:5      | Reached skill level 1 in Shields
  5197 | D:5      | Reached skill level 1 in Invocations
  6317 | D:6      | Noticed Pikel
  6344 | D:6      | Killed Pikel
  6900 | D:6      | Slain by a wyvern

Illustrated notes

Levels and vault maps discovered:
D:1:      onia_arrival_pyramid, layout_loops_corners,
          hellmonk_ecumenical_altar_slurped_away, st_stairs_4, minmay_cut_off
D:2:      layout_basic, grunt_decor_mini_mirrors, minmay_tetromino_s4
D:3:      layout_loops_ring
D:4:      layout_loops_ring, lemuel_doored_altar, temple_doors_e
D:5:      layout_basic, kennysheep_mini_moat, gammafunk_temple_overflow_claw,
          minmay_misc_feat_square, minmay_misc_feat_nine_boxes,
          serial_bayou_lake_a, uniq_sigmund
D:6:      layout_loops_ring, uniq_pikel
D:7:      layout_rooms
Temple:   nicolae_temple_hex_pool

Skill      XL: |  1  2  3  4  5  6  7  8 |
---------------+-------------------------+-----
Short Blades   | 3 4 6 7 8 10 | 10.0
Stealth        | 6 7 |  7.9
Fighting       | 2 3 |  3.5
Shields        | 2 |  2.7
Invocations    | 2 |  2.7
Dodging        | 3 |  3.7
Throwing       | |  1.5

Action                   |  1- 3 |  4- 6 |  7- 9 || total
-------------------------+-------+-------+-------++-------
Melee: Dagger            |   124 |   210 |   199 ||   533
       Bite              |    15 |    20 |    20 ||    55
 Fire: Hunting sling     |       |       |    10 ||    10
Invok: Ancestor Identity |       |     1 |     1 ||     2
 Abil: Exsanguinate      |       |     1 |       ||     1
       Revivify          |       |     1 |       ||     1
 Stab: Sleeping          |    10 |    11 |    11 ||    32
       Distracted        |       |     2 |     1 ||     3
Armor: Robe              |    38 |    28 |       ||    66
       Chain mail        |       |    15 |       ||    15
       Leather armour    |       |     4 |    55 ||    59
Dodge: Dodged            |    64 |    70 |    84 ||   218
Block: Buckler           |     8 |    22 |    25 ||    55

Table legend: (Time is in decaauts)
 A = Elapsed time spent in this place.
 B = Non-inter-level travel time spent in this place.
 C = Inter-level travel time spent in this place.
 D = Time resting spent in this place.
 E = Time spent auto-exploring this place.
 F = Levels seen in this place.
 G = Mean time per level.
                   A        B        C        D        E       F      G
               +--------+--------+--------+--------+--------+-----+--------+
         Total |   6780 |   6491 |    289 |    154 |   4633 |   8 |  847.5 |
       Dungeon |   6634 |   6345 |    289 |    154 |   4562 |   7 |  947.7 |
        Temple |    146 |    146 |      0 |      0 |     71 |   1 |  146.0 |
               +--------+--------+--------+--------+--------+-----+--------+

Top non-repeatable levels by time:
     D:5: 1489 daAuts
     D:4: 1241 daAuts
     D:2: 1098 daAuts
     D:1: 1037 daAuts
     D:6: 989 daAuts
     D:3: 773 daAuts
  Temple: 146 daAuts
     D:7: 4 daAuts
